 Dungeon Crawl Stone Soup version 0.20.0-4-g10b340a (webtiles) character file.

123908 Chiseanne the Eclecticist (level 16, -11/87 HPs)
             Began as a Deep Elf Arcane Marksman on May 27, 2017.
             Was a High Priest of Vehumet.
             Killed by divine providence
             ... invoked by a deep elf high priest
              (12 damage)
             ... on level 3 of the Elven Halls on May 28, 2017.
             The game lasted 02:54:27 (43526 turns).

Chiseanne the Eclecticist (DEAM)                   Turns: 43526, Time: 02:54:27

Health: -11/87     AC: 16    Str: 12    XL:     16   Next: 38%
Magic:  23/51      EV: 20    Int: 32    God:    Vehumet [*****.]
Gold:   657        SH:  0    Dex: 17    Spells: 4/56 levels left

rFire    + . .     SeeInvis .   a - +10 quarterstaff of Lenlouth {crush, rPois rN+ Int+4 Dex+2}
rCold    + . .     Gourm    .   (shield currently unavailable)
rNeg     + + .     Faith    .   b - +1 ring mail "Himpai" {rC+ Str+4}
rPois    +         Spirit   .   u - +2 helmet {Int+3}
rElec    +         Reflect  .   n - +1 cloak
rCorr    .         Harm     .   m - +0 pair of gloves of Jetiuniu {rPois rF+} (curse)
MR       +....                  e - +1 pair of boots
Stlth    +.........             Q - amulet "Muuloh" {rElec rN+ Regen+}
Regen    0.7/turn               K - ring of poison resistance
MPRegen  0.4/turn               P - ring of magical power

@: very slightly contaminated
A: no striking features
a: Renounce Religion


You were on level 3 of the Elven Halls.
You worshipped Vehumet.
Vehumet was extremely pleased with you.
You were not hungry.

You visited 4 branches of the dungeon, and saw 26 of its levels.
You also visited: Labyrinth and Ice Cave.

You collected 2883 gold pieces.
You spent 2226 gold pieces at shops.

Inventory:

Hand Weapons
 a - the +10 quarterstaff of Lenlouth (weapon) {crush, rPois rN+ Int+4 Dex+2}
   (You found it on level 8 of the Dungeon)

   It inflicts extra damage upon your enemies.
   It affects your intelligence (+4).
   It affects your dexterity (+2).
   It protects you from poison.
   It protects you from negative energy.
 d - a +4 scimitar of flaming
 s - the +5 hand axe of Guile {chaos, rF+}
   (You found it in a labyrinth)

   Each time it hits an enemy it has a different, random effect.
   It protects you from fire.
Missiles
 O - 3 throwing nets (quivered) {!*}
Armour
 b - the +1 ring mail "Himpai" (worn) {rC+ Str+4}
   (You bought it in a shop on level 9 of the Dungeon)

   It affects your strength (+4).
   It protects you from cold.
 e - a +1 pair of boots (worn)
 m - the cursed +0 pair of gloves of Jetiuniu (worn) {rPois rF+}
   (You found it on level 2 of the Elven Halls)

   It protects you from fire.
   It protects you from poison.
   It has a curse placed upon it.
 n - a +1 cloak (worn)
 u - a +2 helmet of intelligence (worn)
 C - quicksilver dragon scales
Jewellery
 l - an uncursed ring of resist corrosion
 K - a ring of poison resistance (left hand)
 P - a ring of magical power (right hand)
 Q - the amulet "Muuloh" (around neck) {rElec rN+ Regen+}
   (You found it in a labyrinth)

   [amulet of regeneration]

   It insulates you from electricity.
   It protects you from negative energy.
   It increases your rate of regeneration.
Wands
 N - a wand of iceblast (9/15)
Scrolls
 p - 3 scrolls of recharging
 q - 8 scrolls of remove curse
 A - 2 scrolls of fog
 D - 5 scrolls of magic mapping
 F - 2 scrolls of blinking
 I - 8 scrolls of teleportation
 U - 6 scrolls of identify
Potions
 c - 2 potions of agility
 i - 7 potions of heal wounds
 x - 6 potions of curing
 B - 2 potions of might
 E - a potion of haste
 G - a potion of magic
 X - 3 potions of cancellation
 Y - 2 potions of flight
Books
 g - a book of the Sky

   Spells                             Type                      Level
   a - Summon Lightning Spire         Summoning/Air                4
   b - Silence                        Hexes/Air                    5
   c - Deflect Missiles               Charms/Air                   6
   d - Conjure Ball Lightning         Conjuration/Air              6
   e - Tornado                        Air                          9
Comestibles
 f - 12 bread rations
 h - 12 meat rations
 j - 2 chunks of flesh
 w - 11 fruits
 W - 7 royal jellies


   Skills:
 - Level 5.2 Fighting
 - Level 3.1 Throwing
 - Level 7.2 Armour
 - Level 14.7 Dodging
 * Level 20.5 Spellcasting
 * Level 16.7 Conjurations
 - Level 4.0 Hexes
 * Level 9.7 Summonings


You had 4 spell levels left.
You knew the following spells:

 Your Spells              Type           Power        Failure   Level  Hunger
a - Iskenderun's Mystic   Conj           #######.     0%          4    None
b - Force Lance           Conj/Tloc      ######..     1%          4    None
c - Stone Arrow           Conj/Erth      ######       1%          3    None
d - Dazzling Spray        Conj/Hex       ######       1%          3    None
e - Bolt of Fire          Conj/Fire      ######....   2%          6    None
f - Bolt of Cold          Conj/Ice       ######....   2%          6    None
g - Spellforged Servitor  Conj/Summ      #######...   2%          7    ##.....
h - Iskenderun's Battles  Conj/Chrm      ######..     1%          5    None
i - Orb of Destruction    Conj           #######...   1%          7    ##.....
j - Inner Flame           Hex/Fire       #####...     1%          3    None
l - Cause Fear            Hex            ######....   3%          4    None


Dungeon Overview and Level Annotations

Branches:
Dungeon (15/15)            Temple (0/1) D:6            Lair (6/6) D:9
 Shoals (0/4) Lair:4        Snake (0/4) Lair:4        Slime (0/5) Lair:6
    Orc (2/2) D:9             Elf (3/3) Orc:2        Vaults (0/5) D:14
 Depths (0/5) D:15

Altars:
Fedhas
Kikubaaqudgha
Okawaru
Qazlal
Ru
Trog
Uskayaw
Vehumet
Xom
Yredelemnul
Zin
The Shining One
Beogh
Jiyva

Shops:
D:5 :([:   D:9 ([   Orc:2 :??[   Elf:1 [[}:

Portals:
Trove: Elf:1 (give 6 potions of haste)

Annotations:
D:10 exclusion: 2 downstairs
Lair:5 exclusion: oklob plant
Orc:2 exclusion: 2 upstairs
Elf:2 3 runed doors


Message History

* * * LOW HITPOINT WARNING * * *
The deep elf sorcerer casts a spell at you.
You resist with some effort.
Blink to where?
Press: ? - help, Dir - move target cursor
As you read the scroll of blinking, it crumbles to dust. 11 elves come into view.
A deep elf high priest is wielding a vampiric scimitar.
A deep elf high priest is wielding a long sword of holy wrath.
The deep elf master archer shouts!
The deep elf high priest shouts!
The deep elf demonologist shouts!
The deep elf sorcerer shouts!
The deep elf demonologist shouts!
The deep elf death mage shouts!
The deep elf high priest shouts!
The deep elf sorcerer shouts!
The deep elf mage shouts!
You hear a shout! x2
The deep elf demonologist mumbles some strange words.
The deep elf high priest invokes the aid of its god against you.
Something smites you!
* * * LOW HITPOINT WARNING * * *
The deep elf high priest invokes the aid of its god against you.
Something smites you!
You die...

##.. #.. # ##. ..
#[ # ... ## ##.#
.... #..e.##
e....
$....).##e....8
e......@.e..#
..3........##
....e......#
e..........#
4.e........e####
###
.e.........ee..##
#..
.ee....e........#
##..
..e......e...e§.+
#... .........#
#...


You could see a deep elf blademaster, a deep elf master archer, a deep elf
annihilator, 2 deep elf death magi, a crystal guardian, 3 deep elf sorcerers, a
sun demon, 5 deep elf demonologists, 4 deep elf high priests, a deep elf mage
and a red devil.

Vanquished Creatures
  A deep elf demonologist (Elf:2)
  A dire elephant (Lair:6)
  Snorg (D:10)
  The ghost of Deemzul the Spear-Bearer, a journeyman FoFi of Okawaru (D:11)
  A fire dragon (Lair:6)
  A minotaur (Lab)
  A yaktaur captain (D:15)
  7 vault guards
  Erolcha (Orc:2)
  3 hydras
  Erica (D:10)
  An anaconda (Lair:6)
  2 dancing weapons
  4 two-headed ogres
  2 ogre magi
  A tengu warrior (D:15)
  2 orc high priests (Orc:1)
  2 death yaks (Lair:6)
  3 deep elf knights
  2 skeletal warriors (D:14)
  3 unseen horrors
  7 deep elf archers
  2 lindwurms (Lair:6)
  2 necromancers
  3 orc knights
  3 ugly things (D:14)
  4 oklob plants (Lair:5)
  13 deep elf magi
  4 cyclopes
  16 orc sorcerers
  A manticore (D:14)
  4 elephants
  7 black mambas
  3 ice statues (IceCv)
  A centaur skeleton (D:12)
  A gargoyle (D:11)
  7 torpor snails (Lair:6)
  11 spiny frogs
  6 komodo dragons
  A rime drake (Lair:4)
  5 ice devils (IceCv)
  8 trolls
  2 merfolk (Lair:4)
  A tengu conjurer (D:15)
  18 blink frogs
  9 hornets (Lair:6)
  3 tyrant leeches (Lair:6)
  12 hippogriffs
  5 dream sheep (Lair:6)
  9 slime creatures
  An air elemental (Elf:3)
  A spriggan (Lair:6)
  7 wraiths
  3 shadows
  2 humans (D:14)
  8 redbacks (D:14)
  52 yaks
  5 wyverns
  6 basilisks
  2 hungry ghosts
  Grum (D:8)
  A steam dragon (D:10)
  5 vampire mosquitoes
  5 wargs
  A naga (Lair:4)
  A soldier ant (shapeshifter) (Elf:2)
  A soldier ant (D:12)
  3 acid dragons
  11 water moccasins
  6 porcupines
  A sky beast (D:11)
  3 black bears
  15 orc warriors
  5 ice beasts (D:13)
  A phantom (D:5)
  18 ogres
  6 necrophages
  2 eyes of draining
  8 wolves
  9 centaurs
  9 crocodiles
  2 big kobolds
  2 wyvern zombies (D:14)
  22 bullfrogs
  A gnoll sergeant (D:8)
  5 scorpions
  A water moccasin skeleton (D:6)
  3 wights (D:8)
  6 killer bees (D:10)
  A howler monkey (D:5)
  3 electric eels
  12 crimson imps
  2 draconian simulacra (IceCv)
  A bullfrog zombie (D:9)
  A quasit (D:14)
  8 hounds
  2 centaur zombies
  15 orc priests
  7 jellies
  A bullfrog skeleton (D:5)
  3 iguanas
  36 orc wizards
  4 polar bear simulacra (D:10)
  2 troll simulacra (IceCv)
  A wolf simulacrum (D:10)
  11 worker ants
  3 yak simulacra (D:10)
  A centaur simulacrum (IceCv)
  Robin (D:1)
  5 gnolls
  A howler monkey skeleton (D:7)
  14 adders
  3 naga simulacra (IceCv)
  2 ogre simulacra (IceCv)
  4 shadow imps
  An ooze (D:6)
  A dart slug (D:3)
  7 leopard geckos
  85 orcs
  4 bats
  5 giant cockroaches
  2 gnoll zombies (D:5)
  14 goblins
  5 hobgoblins
  13 jackals
  14 kobolds
  5 quokkas
  7 frilled lizards
  8 rats
  3 river rat simulacra (D:10)
  A butterfly (D:6)
  7 fungi
  3 plants
779 creatures vanquished.

Vanquished Creatures (collateral kills)
  2 deep elf sorcerers (Elf:1)
  A deep elf annihilator (Elf:2)
  A hydra (D:14)
  2 vault guards (D:14)
  An ogre mage (D:14)
  A catoblepas (D:14)
  A centaur warrior (D:15)
  6 dancing weapons
  A two-headed ogre (D:15)
  5 deep elf knights
  6 skeletal warriors
  A deep troll (D:15)
  A wizard (D:14)
  4 deep elf archers
  2 ugly things (D:14)
  27 deep elf magi
  A manticore (D:15)
  A cyclops (D:15)
  A slime creature (D:14)
  A troll (D:12)
  An air elemental (Elf:2)
  A water elemental (Elf:3)
  8 yaks
  A fire elemental (Elf:2)
  2 chaos spawn (D:12)
  A vampire mosquito (D:13)
  A floating eye (shapeshifter) (D:14)
  An orc warrior (D:13)
  3 ice beasts (D:13)
  A centaur (D:13)
  A necrophage (D:14)
  A bullfrog (D:12)
  An earth elemental (Elf:1)
  2 crimson imps (D:15)
  2 orcs
  A fungus (Elf:2)
94 creatures vanquished.

Vanquished Creatures (others)
  A yaktaur (D:15)
  A human (D:7)
  A bush (Lair:6)
  16 fungi
  27 plants
46 creatures vanquished.

Grand Total: 919 creatures vanquished

Notes
Turn   | Place    | Note
-------+----------+-------------------------------------------
     0 | D:1      | Chiseanne the Deep Elf Arcane Marksman began the quest for the Orb.
     0 | D:1      | Reached XP level 1. HP: 11/11 MP: 5/5
   111 | D:1      | Reached skill level 1 in Fighting
   111 | D:1      | Reached XP level 2. HP: 16/16 MP: 4/6
   984 | D:1      | Reached XP level 3. HP: 19/20 MP: 5/7
   994 | D:1      | Learned a level 2 spell: Slow
  1017 | D:2      | Found a hide-covered altar of Uskayaw.
  1145 | D:2      | Noticed Robin
  1637 | D:2      | Found a radiant altar of Vehumet.
  1643 | D:2      | Became a worshipper of Vehumet
  1883 | D:2      | Noticed a dagger
  1883 | D:2      | Noticed a dagger
  1941 | D:1      | Reached XP level 4. HP: 12/26 MP: 5/8
  2155 | D:1      | Killed Robin
  2387 | D:3      | Found a shimmering altar of Xom.
  2406 | D:3      | Reached skill level 2 in Spellcasting
  2503 | D:3      | Found a stormy altar of Qazlal.
  2503 | D:3      | Found a glowing golden altar of the Shining One.
  2503 | D:3      | Found a sacrificial altar of Ru.
  2503 | D:3      | Found a bloodstained altar of Trog.
  2561 | D:3      | Reached * piety under Vehumet
  2561 | D:3      | Offered knowledge of Freeze by Vehumet.
  2705 | D:3      | Found a faded altar of an unknown god.
  3180 | D:4      | Reached XP level 5. HP: 25/30 MP: 6/11
  3253 | D:4      | Noticed an ogre
  3268 | D:4      | Killed an ogre
  3268 | D:4      | Reached skill level 1 in Armour
  3268 | D:4      | Reached skill level 3 in Spellcasting
  3524 | D:4      | Reached XP level 6. HP: 12/36 MP: 10/13
  3852 | D:4      | Reached skill level 4 in Spellcasting
  4856 | D:4      | Reached skill level 5 in Spellcasting
  4856 | D:4      | Reached XP level 7. HP: 42/42 MP: 11/16
  4941 | D:5      | Entered Level 5 of the Dungeon
  5098 | D:5      | Found Doujeopn's Book Boutique.
  5211 | D:5      | Found Zookitti's Antique Armour Shoppe.
  5629 | D:5      | Found Vanletoepp's Weapon Shop.
  5642 | D:5      | Found Fapamau's Book Boutique.
  5689 | D:5      | Reached skill level 6 in Spellcasting
  5696 | D:5      | Found an iron altar of Okawaru.
  5795 | D:5      | HP: 1/43 [ogre/giant club (4)]
  6125 | D:5      | Reached XP level 8. HP: 41/48 MP: 19/19
  6392 | D:5      | Found a basalt altar of Yredelemnul.
  6780 | D:6      | Reached skill level 7 in Spellcasting
  6882 | D:6      | Reached skill level 5 in Fighting
  6903 | D:6      | Reached ** piety under Vehumet
  6903 | D:6      | Offered knowledge of Sandblast by Vehumet.
  6997 | D:6      | Found a staircase to the Ecumenical Temple.
  7145 | D:5      | Bought a book of Conjurations for 300 gold pieces
  7148 | D:5      | Learned a level 1 spell: Magic Dart
  7152 | D:5      | Learned a level 3 spell: Dazzling Spray
  7155 | D:5      | Learned a level 2 spell: Searing Ray
  7791 | D:7      | Found an ancient bone altar of Kikubaaqudgha.
  7902 | D:7      | Noticed an eight-headed hydra
  7903 | D:7      | Noticed a fire dragon
  7903 | D:7      | an eight-headed hydra changed into a fire dragon
  7985 | D:8      | Reached skill level 8 in Spellcasting
  7985 | D:8      | Reached skill level 1 in Conjurations
  8116 | D:8      | Noticed a two-headed ogre
  8131 | D:8      | Killed a two-headed ogre
  8131 | D:8      | Reached skill level 5 in Armour
  8131 | D:8      | Reached XP level 9. HP: 54/54 MP: 21/23
  8177 | D:8      | Reached skill level 9 in Spellcasting
  8500 | D:8      | Offered knowledge of Stone Arrow by Vehumet.
  8508 | D:8      | Learned a level 3 spell: Stone Arrow
  8677 | D:8      | Got an ichor-stained quarterstaff
  8678 | D:8      | Identified the +10 quarterstaff of Lenlouth {crush, rPois rN+ Int+4 Dex+2} (You found it on level 8 of the Dungeon)
  9120 | D:9      | Reached skill level 5 in Conjurations
  9378 | D:9      | Reached skill level 10 in Spellcasting
  9387 | D:9      | Noticed Grum
  9619 | D:8      | Reached *** piety under Vehumet
  9693 | D:8      | Learned a level 4 spell: Iskenderun's Mystic Blast
  9698 | D:8      | Learned a level 4 spell: Force Lance
  9908 | D:9      | Reached XP level 10. HP: 59/59 MP: 2/26
 10116 | D:8      | Killed Grum
 10276 | D:9      | Offered knowledge of Conjure Flame by Vehumet.
 10356 | D:9      | Learned a level 3 spell: Conjure Flame
 10365 | D:9      | Found Xumily's Weapon Shop.
 10367 | D:9      | Found a staircase to the Orcish Mines.
 10369 | D:9      | Found Ruli Pul's Armour Shop.
 10591 | D:9      | Found a staircase to the Lair.
 10810 | D:9      | Found a glowing silver altar of Zin.
 10877 | Orc:1    | Entered Level 1 of the Orcish Mines
 10943 | Orc:1    | Noticed an orc high priest
 11006 | D:8      | Reached skill level 11 in Spellcasting
 11474 | Orc:1    | Noticed an orange demon
 11474 | Orc:1    | Noticed a sixfirhy
 11705 | Orc:1    | Killed an orc high priest
 11706 | Orc:1    | Reached **** piety under Vehumet
 11757 | Orc:2    | Entered Level 2 of the Orcish Mines
 11994 | Orc:2    | Found a labyrinth entrance.
 12003 | Lab      | Entered a labyrinth
 16550 | Lab      | Noticed a minotaur
 16559 | Lab      | Killed a minotaur
 16559 | Lab      | Reached skill level 5 in Dodging
 16559 | Lab      | Reached skill level 12 in Spellcasting
 16676 | Lab      | Got a glittering tin amulet
 16677 | Lab      | Got a twisted hand axe
 16692 | Lab      | Identified the +5 hand axe of Guile {chaos, rF+} (You found it in a labyrinth)
 16732 | Lab      | Identified the amulet "Muuloh" {rElec rN+ Regen+} (You found it in a labyrinth)
 16849 | D:9      | Bought the cursed +1 ring mail "Himpai" {rC+ Str+4} for 369 gold pieces
 16867 | D:9      | Learned a level 4 spell: Cause Fear
 16894 | D:10     | Entered Level 10 of the Dungeon
 16894 | D:10     | Noticed an orc sorcerer
 16894 | D:10     | Noticed an orc sorcerer
 16896 | D:10     | Noticed an orc sorcerer
 17138 | D:10     | Killed an orc sorcerer
 17138 | D:10     | Reached XP level 11. HP: 64/64 MP: 20/29
 17346 | D:10     | Killed an orc sorcerer
 17756 | D:10     | Killed an orc sorcerer
 17907 | D:10     | Noticed Erica
 17918 | D:10     | Killed Erica
 17918 | D:10     | Reached skill level 13 in Spellcasting
 18027 | D:10     | Learned a level 3 spell: Inner Flame
 18065 | D:10     | Noticed Snorg
 18074 | D:10     | Killed Snorg
 18426 | D:10     | Noticed a necromancer
 18433 | D:10     | Killed a necromancer
 18482 | D:10     | Offered knowledge of Static Discharge by Vehumet.
 18889 | D:11     | Noticed Deemzul's ghost (journeyman FoFi)
 18908 | D:11     | Reached skill level 10 in Conjurations
 19889 | Lair:1   | Entered Level 1 of the Lair of Beasts
 19902 | Lair:1   | Reached XP level 12. HP: 53/68 MP: 25/31
 19984 | Lair:1   | Reached skill level 14 in Spellcasting
 21131 | Lair:2   | Reached ***** piety under Vehumet
 21374 | Lair:2   | Offered knowledge of Lee's Rapid Deconstruction by Vehumet.
 21718 | Lair:2   | Reached skill level 10 in Dodging
 22860 | Lair:3   | Reached skill level 15 in Spellcasting
 24003 | Lair:4   | Found a staircase to the Shoals.
 24156 | Lair:4   | Found a staircase to the Snake Pit.
 24278 | Lair:4   | Reached XP level 13. HP: 72/72 MP: 14/34
 25736 | Lair:5   | Found a blossoming altar of Fedhas.
 25875 | Lair:6   | Entered Level 6 of the Lair of Beasts
 26228 | Lair:6   | Found a staircase to the Slime Pits.
 26230 | Lair:6   | Found a viscous altar of Jiyva.
 26457 | Lair:6   | Reached skill level 16 in Spellcasting
 27341 | Lair:6   | Noticed a dire elephant
 27355 | Lair:6   | Killed a dire elephant
 28229 | Lair:6   | Offered knowledge of Bolt of Cold by Vehumet.
 28349 | Lair:5   | Learned a level 6 spell: Bolt of Cold
 28658 | Lair:5   | Reached skill level 17 in Spellcasting
 28723 | Lair:6   | Reached XP level 14. HP: 59/78 MP: 31/37
 29425 | Lair:6   | Found a runed door.
 30506 | Lair:5   | Got a blackened ring mail
 30558 | Lair:5   | Identified the cursed +0 ring mail of Lilacs {+Inv MR- Regen+ SInv} (You found it on level 5 of the Lair of Beasts)
 31671 | Orc:1    | Found a runed door.
 31672 | Orc:1    | Paralysed by an orc sorcerer for 2 turns
 32068 | Orc:1    | Found a roughly hewn altar of Beogh.
 32574 | Orc:2    | Found a roughly hewn altar of Beogh.
 32592 | Orc:2    | Found a staircase to the Elven Halls.
 33018 | Orc:2    | Found Zikh's Book Shop.
 33360 | Orc:2    | Found an ancient bone altar of Kikubaaqudgha.
 33364 | Orc:2    | Reached skill level 18 in Spellcasting
 33431 | Orc:2    | Found Hulyamew's Magic Scroll Boutique.
 33544 | Orc:2    | Found a roughly hewn altar of Beogh.
 33544 | Orc:2    | Found Baakhlesu's Magic Scroll Shop.
 33563 | Orc:2    | Noticed Erolcha
 33565 | Orc:2    | Killed Erolcha
 33664 | Orc:2    | Found Mamunt's Antique Armour Shop.
 33676 | Orc:2    | Bought 2 scrolls of identify for 52 gold pieces
 33688 | Orc:2    | Bought a twisted helmet for 285 gold pieces
 33709 | Orc:2    | Identified the cursed +0 helmet of the Townfolk {rElec} (You bought it in a shop on level 2 of the Orcish Mines)
 33735 | Orc:2    | Bought a scroll of identify for 24 gold pieces
 33735 | Orc:2    | Bought a scroll of magic mapping for 42 gold pieces
 33735 | Orc:2    | Bought a scroll of fear for 42 gold pieces
 33735 | Orc:2    | Bought a scroll of blinking for 90 gold pieces
 33735 | Orc:2    | Bought a scroll of teleportation for 36 gold pieces
 33735 | Orc:2    | Bought a scroll of magic mapping for 42 gold pieces
 33735 | Orc:2    | Bought a scroll of teleportation for 36 gold pieces
 33742 | Orc:2    | Found a radiant altar of Vehumet.
 33801 | Orc:2    | Offered knowledge of Iskenderun's Battlesphere by Vehumet.
 33860 | Orc:2    | Learned a level 5 spell: Iskenderun's Battlesphere
 34006 | Orc:2    | Bought a shiny helmet for 225 gold pieces
 34053 | Orc:2    | Bought a book of Power for 495 gold pieces
 34063 | Orc:2    | Learned a level 7 spell: Orb of Destruction
 34093 | Orc:2    | Bought 2 scrolls of amnesia for 91 gold pieces
 34093 | Orc:2    | Bought a scroll of blinking for 97 gold pieces
 34105 | Orc:2    | Learned a level 7 spell: Spellforged Servitor
 34286 | Orc:1    | Reached skill level 1 in Summonings
 34897 | D:11     | Killed Deemzul's ghost
 35199 | D:12     | Found a shimmering altar of Xom.
 35744 | D:13     | Reached skill level 15 in Conjurations
 35810 | D:13     | Found a frozen archway.
 35942 | IceCv    | Entered an ice cave
 35945 | IceCv    | Upgraded the game from 0.20.0-3-g22ec75f to 0.20.0-4-g10b340a
 36363 | IceCv    | Reached XP level 15. HP: 82/82 MP: 30/39
 36547 | IceCv    | Offered knowledge of Bolt of Draining by Vehumet.
 37911 | D:14     | Reached skill level 5 in Summonings
 38118 | D:14     | Reached ****** piety under Vehumet
 38131 | D:14     | Reached skill level 19 in Spellcasting
 39071 | D:14     | Found a gate to the Vaults.
 39420 | D:14     | Offered knowledge of Ozocubu's Refrigeration by Vehumet.
 39766 | D:15     | Entered Level 15 of the Dungeon
 40240 | D:15     | Found a staircase to the Depths.
 41169 | Elf:1    | Entered Level 1 of the Elven Halls
 41225 | Elf:1    | Noticed a deep elf sorcerer
 41228 | Elf:1    | Killed a deep elf sorcerer
 41354 | Elf:1    | Offered knowledge of Bolt of Fire by Vehumet.
 41374 | Elf:1    | Learned a level 6 spell: Bolt of Fire
 41558 | Elf:1    | Found Wusaewomma's Gadget Shop.
 41558 | Elf:1    | Found Majiu's Armour Boutique.
 41559 | Elf:1    | Found Paptunk's Armour Boutique.
 41657 | Elf:1    | Found Norejun's Book Shop.
 41842 | Elf:1    | Reached XP level 16. HP: 81/87 MP: 27/41
 41865 | Elf:1    | Reached skill level 20 in Spellcasting
 42096 | Elf:1    | Identified the Disquisition on Conjuration
 42214 | Elf:1    | Found a portal to a secret trove of treasure.
 42430 | Elf:2    | Got a pair of heavily runed gloves
 42431 | Elf:2    | Identified the cursed +0 pair of gloves of Jetiuniu {rPois rF+} (You found it on level 2 of the Elven Halls)
 42902 | Elf:2    | Found a runed gate.
 42902 | Elf:2    | Found a runed gate.
 42902 | Elf:2    | Found a runed gate.
 43329 | Elf:3    | Entered Level 3 of the Elven Halls
 43526 | Elf:3    | Noticed a deep elf master archer
 43526 | Elf:3    | HP: 1/87 [deep elf high priest/divine providence (11)]
 43526 | Elf:3    | Killed from afar by a deep elf high priest

Skill      XL: |  1  2  3  4  5  6  7  8  9 10 11 12 13 14 15 16 |
---------------+-------------------------------------------------+-----
Fighting       | 1 2 3 4 5 |  5.2
Dodging        | 3 5 9 11 13 14 | 14.7
Throwing       | 3 |  3.1
Spellcasting   | 2 3 5 6 8 10 12 13 15 17 18 19 20 | 20.5
Armour         | 1 2 3 5 6 7 |  7.2
Conjurations   | 3 6 8 10 12 13 15 16 | 16.7
Summonings     | 3 8 9 |  9.7
Hexes          | |  4.0

Action                   |  1- 3 |  4- 6 |  7- 9 | 10-12 | 13-15 | 16-18 || total
-------------------------+-------+-------+-------+-------+-------+-------++-------
Melee: Unarmed           |     3 |       |       |       |       |       ||     3
       Whip              |   120 |    15 |       |       |       |       ||   135
       Club              |       |   117 |   187 |       |       |       ||   304
       Quarterstaff      |       |       |    51 |    77 |    25 |     3 ||   156
       Staff             |       |       |       |       |    10 |       ||    10
Throw: Javelin           |    10 |     7 |    23 |       |       |       ||    40
       Throwing net      |     1 |     3 |     5 |       |       |       ||     9
       Tomahawk          |       |     3 |     7 |       |       |       ||    10
 Cast: Corona            |    21 |    18 |    44 |       |       |       ||    83
       Slow              |     2 |    17 |    39 |     3 |       |       ||    61
       Magic Dart        |       |       |    45 |   269 |   321 |       ||   635
       Dazzling Spray    |       |       |    24 |   132 |   125 |       ||   281
       Stone Arrow       |       |       |     3 |   272 |   282 |     2 ||   559
       Searing Ray       |       |       |     1 |     2 |       |       ||     3
       Force Lance       |       |       |       |    20 |   195 |    16 ||   231
       Conjure Flame     |       |       |       |    10 |       |       ||    10
       Iskenderun's Myst |       |       |       |     8 |   138 |    34 ||   180
       Bolt of Cold      |       |       |       |       |    76 |     7 ||    83
       Spellforged Servi |       |       |       |       |    28 |    14 ||    42
       Orb of Destructio |       |       |       |       |     5 |     2 ||     7
       Iskenderun's Batt |       |       |       |       |    38 |     3 ||    41
       Cause Fear        |       |       |       |       |     1 |     3 ||     4
       Bolt of Fire      |       |       |       |       |       |     5 ||     5
Evoke: Wand              |       |       |     2 |    15 |     2 |       ||    19
       Sack of spiders   |       |       |       |       |     2 |       ||     2
  Use: Scroll            |     4 |     3 |     8 |    12 |    18 |     7 ||    52
       Potion            |     1 |     1 |     1 |     6 |     8 |     1 ||    18
 Stab: Held in net/web   |       |     2 |     2 |       |       |       ||     4
       Invisible         |       |       |     4 |       |       |       ||     4
  Eat: Chunk             |     4 |    10 |    17 |    28 |    55 |     6 ||   120
       Royal jelly       |       |       |       |     4 |       |       ||     4
       Fruit             |       |       |       |     3 |    17 |     1 ||    21
       Bread ration      |       |       |       |     1 |       |       ||     1
Armor: Ring mail         |    64 |    49 |   113 |    32 |     1 |    11 ||   270
       Troll leather arm |       |       |       |     2 |       |       ||     2
       Robe              |       |       |       |    23 |    51 |       ||    74
       Quicksilver drago |       |       |       |       |    33 |       ||    33
Dodge: Dodged            |    92 |    96 |   201 |   252 |   331 |    21 ||   993
